 Dungeon Crawl Stone Soup version 0.19.0-2-gae57169 (webtiles) character file.

84 Dioneo the Grave Robber (level 4, -3/33 HPs)
             Began as a Demonspawn Wanderer on Nov 6, 2016.
             Killed by nerve-wracking pain
             ... invoked by Grinder
              (6 damage)
             ... while paralysed by Grinder
             ... on level 3 of the Dungeon.
             The game lasted 00:07:22 (2492 turns).

Dioneo the Grave Robber (Demonspawn Wanderer)       Turns: 2492, Time: 00:07:23

Health: -3/33      AC: 10    Str: 14    XL:     4   Next: 24%
Magic:  4/4        EV:  2    Int: 15    God:
Gold:   106        SH:  0    Dex: 10    Spells: 0 memorised, 3 levels left

rFire  . . .     SeeInvis .     a - +2 spear
rCold  . . .     Gourm    .     i - +0 chain mail
rNeg   . . .     Faith    .     (no shield)
rPois  .         Spirit   .     s - +0 helmet
rElec  .         Reflect  .     (no cloak)
rCorr  .         Harm     .     (no gloves)
MR     .....                    r - +0 pair of boots
Stlth  ..........               o - amulet of magic regeneration
                                (no ring)
                                (no ring)

@: paralysed
A: talons 1, nightstalker 2
a: no special abilities


You were on level 3 of the Dungeon.
You were not hungry.

You visited 1 branch of the dungeon, and saw 3 of its levels.

You collected 106 gold pieces.

Inventory:

Hand Weapons
 a - a +2 spear (weapon)
Missiles
 l - 6 tomahawks (quivered)
Armour
 i - a +0 chain mail (worn)
 r - a +0 pair of boots (worn)
 s - a +0 helmet (worn)
Jewellery
 e - an uncursed amulet of rage
 g - an uncursed amulet of rage
 o - an amulet of magic regeneration (around neck)
Scrolls
 j - 2 scrolls of remove curse
 k - a scroll of fear
 m - 2 scrolls of magic mapping
 n - a scroll of random uselessness {unknown}
 q - a scroll of recharging {unknown}
Books
 b - the Incunabulum of Creation

   Spells                             Type                      Level
   a - Summon Butterflies             Summoning                    1
   b - Recall                         Summoning/Translocation      3
Comestibles
 f - 3 bread rations
 h - 6 chunks of flesh
 p - a beef jerky


   Skills:
 - Level 2.0 Fighting
 * Level 2.2 Polearms
 - Level 1.0 Throwing
 + Level 1.7 Armour
 + Level 1.9 Dodging
   Level 5.4 Necromancy
 - Level 1.0 Evocations


You had 3 spell levels left.
You didn't know any spells.

Dungeon Overview and Level Annotations

Branches:
Dungeon (3/15)

Altars:

Annotations:
D:3 Grinder


Innate Abilities, Weirdness & Mutations

You have sharp toenails.
You are significantly more attuned to the shadows.


Message History

Grinder gestures at you. Pain shoots through your body!
* * * LOW HITPOINT WARNING * * *
You hit Grinder but do no damage.
Grinder is almost dead.
Grinder barely misses you.
You aren't carrying any potions.
Evoke which item? (* to show all) (? for menu, Esc to quit)
Okay, then.
You hit Grinder.
Grinder is almost dead.
Grinder blinks!
Grinder gestures at you.
You suddenly lose the ability to move!
Grinder gestures at you. Pain shoots through your body!
* * * LOW HITPOINT WARNING * * *
Grinder gestures at you. Pain shoots through your body!
You die...

# #..# ##..<## #
#..# ##+###
######..# #...
........# #..#
#######.#
##..###. #.#
##.$.....
#.######........
#.....###...#...
#####.####@##...
#..5........
#########... ##


You could see Grinder.

Vanquished Creatures
  Robin (D:2)
  2 adders
  2 worms (D:2)
  A dart slug (D:1)
  A leopard gecko (D:2)
  4 orcs (D:3)
  2 giant cockroaches
  10 goblins
  6 hobgoblins
  4 bats
  2 frilled lizards
  2 kobolds (D:1)
  6 rats
43 creatures vanquished.

Vanquished Creatures (others)
  A leopard gecko (D:2)
  2 hobgoblins (D:2)
3 creatures vanquished.

Grand Total: 46 creatures vanquished

Notes
Turn   | Place    | Note
-------+----------+-------------------------------------------
     0 | D:1      | Dioneo the Demonspawn Wanderer began the quest for the Orb.
     0 | D:1      | Dioneo set off with: a +2 spear, the Incunabulum of Creation, a potion of lignification, a +0 robe, a bread ration
     0 | D:1      | Reached XP level 1. HP: 16/16 MP: 1/1
     0 | D:1      | Identified the Incunabulum of Creation
   588 | D:1      | Gained mutation: You have sharp toenails. [demonic ancestry]
   588 | D:1      | Reached XP level 2. HP: 20/22 MP: 2/2
   641 | D:1      | You fall through a shaft!
   694 | D:2      | Reached skill level 1 in Armour
  1003 | D:2      | Reached skill level 1 in Polearms
  1308 | D:2      | Gained mutation: You are slightly more attuned to the shadows. [demonic ancestry]
  1308 | D:2      | Reached XP level 3. HP: 27/27 MP: 3/3
  1470 | D:2      | Noticed Robin
  1480 | D:2      | Killed Robin
  2341 | D:3      | Gained mutation: You are significantly more attuned to the shadows. [demonic ancestry]
  2341 | D:3      | Reached XP level 4. HP: 33/33 MP: 4/4
  2432 | D:3      | Noticed Grinder
  2489 | D:3      | Paralysed by Grinder for 6 turns
  2492 | D:3      | Killed from afar by Grinder

Skill      XL: |  1  2  3 |
---------------+----------+-----
Armour         | 1 |  1.7
Polearms       | 1 2 |  2.2
Fighting       | |  2.0
Throwing       | |  1.0
Dodging        | |  1.9
Necromancy     | |  5.4
Evocations     | |  1.0

Action                   |  1- 3 |  4- 6 || total
-------------------------+-------+-------++-------
Melee: Spear             |   165 |    38 ||   203
       Kick              |     1 |       ||     1
Throw: Tomahawk          |     4 |       ||     4
  Use: Scroll            |     4 |       ||     4
       Potion            |       |     4 ||     4
  Eat: Chunk             |     5 |       ||     5
Armor: Chain mail        |    75 |     7 ||    82
       Robe              |     3 |       ||     3
       Skin              |       |     5 ||     5
Dodge: Dodged            |    36 |     6 ||    42
